 Dungeon Crawl Stone Soup version 0.30.0-5-g1a98f26d00 (webtiles) character file.

Game seed: 8256173738136187491

464 fozzywoppz the Sneak (level 6, 0/28 HPs)
             Began as a Spriggan Enchanter on May 8, 2023.
             Was an Initiate of Sif Muna.
             Slain by an ogre
             ... wielding a +0 giant spiked club
              (27 damage)
             ... on level 5 of the Dungeon.
             The game lasted 00:09:27 (3476 turns).

fozzywoppz the Sneak (Spriggan Enchanter)           Turns: 3476, Time: 00:09:27

Health: 0/28       AC:  2    Str:  4    XL:     6   Next: 80%
Magic:  11/13      EV: 21    Int: 16    God:    Sif Muna [......]
Gold:   193        SH:  0    Dex: 24    Spells: 5/13 levels left

rFire   . . .        k - +1 short sword (freeze)
rCold   . . .        (no shield)
rNeg    . . .        o - +0 robe {Will+}
rPois   .            (helmet restricted)
rElec   .            n - scarf {+Inv}
rCorr   +            (gloves unavailable)
SInv    +            (boots unavailable)
Will    ++...        (no amulet)
Stlth   ++++         q - +6 ring of dexterity
HPRegen 0.24/turn    w - ring of resist corrosion
MPRegen 0.13/turn

%: no passive effects
@: very quick
A: very small, no large weapons, unfitting armour, see invisible, speed 3
a: Renounce Religion, Evoke Invisibility


You were on level 5 of the Dungeon.
You worshipped Sif Muna.
Sif Muna was noncommittal.
You visited 2 branches of the dungeon, and saw 6 of its levels.

You collected 193 gold pieces.

Inventory:

Hand Weapons
 a - a +1 dagger
 k - a +1 short sword of freezing (weapon)
Missiles
 u - 4 boomerangs (quivered)
Armour
 b - a +0 robe
 m - a +0 cloak
 n - a scarf of invisibility (worn)
 o - a +0 robe of willpower (worn)
Jewellery
 i - a ring of fire
 q - a +6 ring of dexterity (left hand)
 w - a ring of resist corrosion (right hand)
Scrolls
 d - 4 scrolls of identify {unknown}
 f - a scroll of fog {unknown}
 h - 2 scrolls of poison {unknown}
 j - 2 scrolls of immolation {unknown}
 p - a scroll of blinking {unknown}
 s - 3 scrolls of teleportation {unknown}
 v - 3 scrolls of butterflies {unknown}
Potions
 c - 2 potions of invisibility
 e - 4 potions of heal wounds {unknown}
 g - 2 potions of berserk rage {unknown}
 l - 2 potions of brilliance {unknown}
 r - a potion of magic {unknown}
 t - 2 potions of flight {unknown}


   Skills:
 + Level 3.8 Short Blades
 + Level 5.2 Dodging
 + Level 7.0 Stealth
 - Level 4.0 Spellcasting
 - Level 5.0 Hexes


You had 5 spell levels left.
You knew the following spells:

 Your Spells              Type           Power      Damage    Failure   Level
a - Ensorcelled Hibernat  Hex/Ice        22%        N/A       9%          2
b - Confusing Touch       Hex            19%        N/A       6%          3
c - Tukima's Dance        Hex            19%        N/A       6%          3

Your spell library contained the following spells:

 Spells                   Type           Power      Damage    Failure   Level
 Dazzling Flash           Conj/Hex       22%        N/A       19%         3
 Scorch                   Fire           6%         2d5       26%         2
 Flame Wave               Conj/Fire      3%         2d5       86%         4
 Summon Cactus Giant      Summ           1%         N/A       100%        6
 Chain Lightning          Conj/Air       1%         3d2       100%        9
 Fire Storm               Conj/Fire      1%         8d1       100%        9
 Shatter                  Erth           1%         3d6*      100%        9


Dungeon Overview and Level Annotations

Branches:
Dungeon (5/15)             Temple (1/1) D:5

Altars:
Ashenzari
Cheibriados
Dithmenos
Elyvilon
Fedhas
Gozag
Hepliaklqana
Makhleb
Nemelex Xobeh
Okawaru
Qazlal
Ru
Sif Muna
Uskayaw
Vehumet
Wu Jian
Xom
Yredelemnul
Zin
The Shining One


Innate Abilities, Weirdness & Mutations

You are very small and have problems with some larger weapons.
You are too small for most types of armour.
You have supernaturally acute eyesight. (SInv)
You cover ground extremely quickly. (Speed+++)


Message History

There is an open door here.
You open the door.
Found a glowing golden altar of the Shining One.
There is an open door here.
You open the door.
Found a sacrificial altar of Ru.
There is a staircase back to the Dungeon here.
You open the door.
Found a white marble altar of Elyvilon.
There is an open door here.
You open the door.
Found an iron altar of Okawaru.
There is an open door here.
There is a fountain of clear blue water here.
You open the door.
Found a glowing silver altar of Zin.
There is an open door here.
You open the door.
Found a radiant altar of Vehumet.
There is an open door here.
There is a fountain of clear blue water here.
You open the door.
Found an ornate altar of the Wu Jian Council.
There is an open door here.
There is a staircase back to the Dungeon here.
You climb upwards.
Welcome back to the Dungeon!
The adder closely misses you. The ogre completely misses you.
There is a staircase to the Ecumenical Temple here.
Casting: Ensorcelled Hibernation (safe; 9% risk of failure)
Confirm with . or Enter, or press ? or * to list all spells.
Aiming: Ensorcelled Hibernation (safe; 9% risk of failure)
Press: ? - help, Shift-Dir - straight line, f - ogre
Aim: an ogre, wielding a +0 giant spiked club (chance to affect: 45%)
The ogre looks drowsy...
The adder misses you. The adder completely misses you.
Unknown command.
The adder bites you.
The ogre shouts!
The ogre hits you with a +0 giant spiked club!!
Ouch! That really hurt!
You die...

###..............##...#
...........[....'.....
........#.......#####.
.#..#...#.......## #..
#..#...#........# ♣..
#..#.8.#..†.....# ♣.. .
#...............# ♣♣.
... +..8O>S8........#
♣.♣
.....#...@...........#
♣♣.
#......#.8.#..###...#
♣. #####..#...##.#
#...# ♣♣ #..#...##.#
#...# ## ##S#...##.#
...# #. #.)...# #.
#.#..## #. .....# ##
#.#


You could see an ogre and an adder.

Vanquished Creatures
  Sigmund (D:2)
  A hound (D:5)
  2 jellies
  Crazy Yiuf (D:5)
  An iguana (D:5)
  Ijyb (D:5)
  6 adders
  A gnoll (D:1)
  2 worms
  2 dart slugs
  6 orcs
  3 endoplasms
  6 giant cockroaches
  4 goblins
  10 hobgoblins
  2 quokkas
  5 ball pythons
  3 bats
  2 frilled lizards
  3 kobolds
  7 rats
69 creatures vanquished.

Notes
Turn   | Place    | Note
-------+----------+-------------------------------------------
     0 | D:1      | fozzywoppz the Spriggan Enchanter began the quest for the
                  | Orb.
     0 | D:1      | Reached XP level 1. HP: 9/9 MP: 5/5
   632 | D:2      | Reached XP level 2. HP: 13/13 MP: 6/6
   669 | D:2      | Learned a level 2 spell: Ensorcelled Hibernation
   724 | D:2      | Reached XP level 3. HP: 4/16 MP: 8/8
   864 | D:1      | Reached skill level 5 in Stealth
  1116 | D:2      | Noticed Sigmund
  1187 | D:1      | Learned a level 3 spell: Confusing Touch
  1194 | D:2      | Killed Sigmund
  1195 | D:2      | Reached XP level 4. HP: 8/21 MP: 6/11
  1195 | D:2      | Reached XP level 5. HP: 10/24 MP: 6/12
  1533 | D:2      | Learned a level 3 spell: Tukima's Dance
  1549 | D:3      | Reached skill level 6 in Stealth
  1809 | D:3      | Identified the +2 falchion of Neower {heavy, *Corrode rF+
                  | rC+ Will++}
  1839 | D:3      | Found a faded altar of an unknown god.
  2026 | D:3      | Reached XP level 6. HP: 28/28 MP: 13/13
  2192 | D:3      | Found a shimmering altar of Xom.
  2273 | D:4      | Found a shadowy altar of Dithmenos.
  2384 | D:4      | Reached skill level 5 in Hexes
  2385 | D:4      | Found a stormy altar of Qazlal.
  3148 | D:5      | Entered Level 5 of the Dungeon
  3168 | D:5      | Found a runed translucent door.
  3169 | D:5      | Noticed Crazy Yiuf
  3176 | D:5      | Killed Crazy Yiuf
  3196 | D:5      | Noticed Ijyb
  3201 | D:5      | Found a staircase to the Ecumenical Temple.
  3211 | D:5      | Killed Ijyb
  3212 | D:5      | Reached skill level 5 in Dodging
  3231 | D:5      | Reached skill level 7 in Stealth
  3236 | Temple   | Entered the Ecumenical Temple
  3268 | Temple   | Became a worshipper of Sif Muna the Loreminder
  3476 | D:5      | Slain by an ogre

Illustrated notes

Levels and vault maps discovered:
D:1:      spicycebolla_arrival_clurvy, layout_basic
D:2:      layout_basic, uniq_sigmund
D:3:      layout_loops_ring, marbit_many_paths, basic_ecumenical_altar
D:4:      layout_basic, nicolae_qazlal_eye_of_the_storm, amcnicky_altar_gilded
D:5:      layout_basic, minmay_temple_entry_statues_pillars,
          minmay_manual_monstrance, uniq_ijyb, uniq_crazy_yiuf_cottage,
          uniq_pikel
Temple:   bh_familiar_temple

Skill      XL: |  1  2  3  4  5  6 |
---------------+-------------------+-----
Dodging        | 3 4 5 |  5.2
Spellcasting   | 3 4 |  4.0
Hexes          | 4 5 |  5.0
Stealth        | 5 6 7 |  7.0
Short Blades   | 2 3 |  3.8

Action                     |  1- 3 |  4- 6 || total
---------------------------+-------+-------++-------
  Melee: Dagger            |    44 |       ||    44
         Short sword       |    49 |    83 ||   132
   Cast: Ensorcelled Hiber |     4 |     7 ||    11
         Confusing Touch   |     1 |       ||     1
   Stab: Sleeping          |     6 |    24 ||    30
         Confused          |     2 |       ||     2
 Armour: Robe              |     6 |     3 ||     9
  Dodge: Dodged            |    65 |    35 ||   100
